 Dungeon Crawl Stone Soup version 0.27-a0-773-gaaee5cf45b (webtiles) character file.

Game seed: 4782239511837420528

119 leviel the Skirmisher (level 5, 0/69 HPs)
             Began as a Hill Orc Fighter on Mar 25, 2021.
             Slain by a goblin
             ... wielding a +0 dagger
             ... led by Robin
              (5 damage)
             ... on level 3 of the Dungeon.
             The game lasted 00:04:12 (2331 turns).

leviel the Skirmisher (Hill Orc Fighter)            Turns: 2331, Time: 00:04:12

Health: 0/69       AC:  8    Str: 20    XL:     5   Next: 3%
Magic:  5/5        EV:  7    Int:  8    God:
Gold:   58         SH:  9    Dex: 10    Spells: 4/4 levels left

rFire    . . .     SeeInvis .   a - +0 long sword
rCold    . . .     Faith    .   c - +0 kite shield
rNeg     . . .     Spirit   .   b - +0 scale mail
rPois    .         Reflect  .   h - +0 helmet
rElec    .         Harm     .   (no cloak)
rCorr    .         Rampage  .   (no gloves)
Will     .....                  (no boots)
Stlth    ..........             (no amulet)
HPRegen  0.21/turn              (no ring)
MPRegen  0.09/turn              (no ring)

@: mighty, berserking, very quick
A: no striking features
a: no special abilities


You were on level 3 of the Dungeon.
You visited 1 branch of the dungeon, and saw 3 of its levels.

You collected 58 gold pieces.

Inventory:

Hand Weapons
 a - a +0 long sword (weapon)
Missiles
 k - 14 bolts
Armour
 b - a +0 scale mail (worn)
 c - a +0 kite shield (worn)
 h - a +0 helmet (worn)
Scrolls
 e - a scroll of immolation {unknown}
 f - a scroll of silence {unknown}
 g - a scroll of identify
 i - 2 scrolls of enchant armour {unknown}
Potions
 d - 2 potions of might


   Skills:
 + Level 4.2 Fighting
 + Level 3.5 Long Blades
 + Level 3.9 Armour
 + Level 0.6 Dodging
 + Level 0.2 Stealth
 + Level 4.1 Shields


You had 4 spell levels left.
You didn't know any spells.
Your spell library contained the following spells:

 Spells                   Type           Power      Damage    Failure   Level
 Corona                   Hex            0%         N/A       99%         1
 Ensorcelled Hibernation  Hex/Ice        0%         N/A       100%        2
 Confusing Touch          Hex            0%         N/A       100%        3
 Dazzling Flash           Conj/Hex       0%         N/A       100%        3
 Tukima's Dance           Hex            0%         N/A       100%        3


Dungeon Overview and Level Annotations

Branches:
Dungeon (3/15)

Altars:


Message History

The goblin hits you with a +0 dagger.
* * * LOW HITPOINT WARNING * * *
You block the giant cockroach's attack. The goblin hits you with a +0 club.
* * * LOW HITPOINT WARNING * * *
You slash the goblin!
You kill the goblin!
Robin throws the goblin at you!
* * * LOW HITPOINT WARNING * * *
You block the giant cockroach's attack. The goblin barely misses you.
You riposte.
You closely miss the goblin. The goblin closely misses you.
Robin roars a battlecry!
The giant cockroach bites you but does no damage.
A red film seems to cover your vision as you go berserk!
You feel yourself moving faster!
You feel mighty!
The goblin hits you but does no damage. x2; You feel drained.
You block the giant cockroach's attack.
You slash the goblin!
You kill the goblin!
The goblin hits you with a +0 dagger.
* * * LOW HITPOINT WARNING * * *
The giant cockroach barely misses you.
You riposte.
You slash the giant cockroach!
You kill the giant cockroach!
You hit Robin.
Robin is moderately wounded.
You block the goblin's attack.
A goblin comes into view. It is wielding a +0 dagger.
Robin barely misses you.
You slash Robin!
You kill Robin!
The goblin hits you with a +0 dagger.
* * * LOW HITPOINT WARNING * * *
Your life force feels restored.
You have reached level 5!
You feel stronger.
You closely miss the hobgoblin. You block the goblin's attack.
A hobgoblin comes into view.
The hobgoblin hits you but does no damage.
You barely miss the hobgoblin. The goblin hits you with a +0 dagger.
You die...

.. g# g# g#
# .##
#g##.###..#
#...gg@).#
####.##g##
# #$## ##


You could see 2 hobgoblins and 2 goblins.

Vanquished Creatures
  Robin (D:3)
  3 adders (D:2)
  A worm (D:2)
  An orc (D:2)
  3 ball pythons
  6 endoplasms
  2 giant cockroaches
  12 goblins
  7 hobgoblins
  5 jackals (D:1)
  5 kobolds
  4 quokkas
  7 bats
  2 frilled lizards
  8 rats
67 creatures vanquished.

Vanquished Creatures (others)
  4 toadstools (D:1)
4 creatures vanquished.

Grand Total: 71 creatures vanquished

Notes
Turn   | Place    | Note
-------+----------+-------------------------------------------
     0 | D:1      | leviel the Hill Orc Fighter began the quest for the Orb.
     0 | D:1      | Reached XP level 1. HP: 19/19 MP: 1/1
   144 | D:1      | Reached XP level 2. HP: 25/27 MP: 2/2
   451 | D:1      | Reached XP level 3. HP: 27/33 MP: 3/3
  1532 | D:2      | Reached XP level 4. HP: 29/40 MP: 4/4
  2313 | D:3      | Noticed Robin
  2329 | D:3      | Killed Robin
  2330 | D:3      | Reached XP level 5. HP: 5/46 MP: 5/5
  2331 | D:3      | Slain by a goblin

Illustrated notes

Levels and vault maps discovered:
D:1:      ldierk_water_garden, layout_basic, minmay_tall_x
D:2:      layout_basic
D:3:      layout_loops_cross, nicolae_gozag_seed_capital, uniq_robin

Skill      XL: |  1  2  3  4 |
---------------+-------------+-----
Fighting       | 4 |  4.2
Long Blades    | 3 |  3.5
Shields        | 4 |  4.1
Armour         | |  3.9
Dodging        | |  0.6
Stealth        | |  0.2

Action                   |  1- 3 |  4- 6 || total
-------------------------+-------+-------++-------
Melee: Long sword        |   142 |    80 ||   222
  Use: Scroll            |     5 |       ||     5
       Potion            |       |     2 ||     2
Armor: Scale mail        |    83 |    66 ||   149
Dodge: Dodged            |    52 |    37 ||    89
Block: Kite shield       |    79 |    66 ||   145
       Rpst.: Long sword |    17 |    16 ||    33

Table legend: (Time is in decaauts)
 A = Elapsed time spent in this place.
 B = Non-inter-level travel time spent in this place.
 C = Inter-level travel time spent in this place.
 D = Time resting spent in this place.
 E = Time spent auto-exploring this place.
 F = Levels seen in this place.
 G = Mean time per level.
                   A        B        C        D        E       F      G
               +--------+--------+--------+--------+--------+-----+--------+
         Total |   2437 |   2400 |     37 |    260 |   1674 |   3 |  812.3 |
       Dungeon |   2437 |   2400 |     37 |    260 |   1674 |   3 |  812.3 |
               +--------+--------+--------+--------+--------+-----+--------+

Top non-repeatable levels by time:
     D:2: 1414 daAuts
     D:1: 986 daAuts
     D:3: 36 daAuts
